 Dungeon Crawl Stone Soup version 0.20.1-1-g8b1a95d66d (webtiles) character file.

110051 Pixllover the Bludgeoner (level 16, -7/277 HPs)
             Began as a Minotaur Berserker on Jan 5, 2018.
             Was the Champion of Trog.
             Mangled by a sun demon (11 damage)
             ... led by a balrug
             ... on level 1 of the Depths.
             The game lasted 01:23:41 (19711 turns).

Pixllover the Bludgeoner (Minotaur Berserker)      Turns: 19711, Time: 01:23:42

Health: -7/277     AC: 24    Str: 42    XL:     16   Next: 6%
Magic:  26/26      EV: 19    Int:  7    God:    Trog [******]
Gold:   897        SH:  9    Dex: 16    Spells: 15/15 levels left

rFire    . . .     SeeInvis .   O - +8 morningstar (holy)
rCold    . . .     Gourm    +   h - +2 buckler
rNeg     . . .     Faith    .   T - +8 ring mail of Fun and Games {rC- MP+9 Str+2 Dex+3}
rPois    .         Spirit   .   (helmet restricted)
rElec    .         Reflect  .   b - +0 cloak {rC+}
rCorr    .         Harm     .   j - +0 pair of gloves
MR       ++...                  u - +2 pair of boots {Stlth+}
Stlth    ..........             z - amulet "Syilusk" {Gourm Str+4 Int+3}
Regen    0.0/turn               i - +3 ring of strength
MPRegen  0.2/turn               P - ring of protection from magic

@: berserking, very quick
A: retaliatory headbutt, horns 2, talons 1, rugged brown scales 1, agile 1, high
mp 1, robust 2, inhibited regeneration
a: Berserk, Trog's Hand, Brothers in Arms, Burn Spellbooks, Renounce Religion


You were on level 1 of the Depths.
You worshipped Trog.
Trog was exalted by your worship.
You were very full.

You visited 4 branches of the dungeon, and saw 18 of its levels.
You also visited: Bailey and Ice Cave.

You collected 963 gold pieces.
You spent 66 gold pieces at shops.

Inventory:

Hand Weapons
 m - a +8 antimagic demon blade
 O - a +8 morningstar of holy wrath (weapon)
Armour
 b - a +0 cloak of cold resistance (worn)
 e - a +6 chain mail
 h - a +2 buckler (worn)
 j - a +0 pair of gloves (worn)
 u - a +2 pair of boots of stealth (worn)
 T - the +8 ring mail of Fun and Games (worn) {rC- MP+9 Str+2 Dex+3}
   (You found it in an ice cave)

   It affects your strength (+2).
   It affects your dexterity (+3).
   It makes you vulnerable to cold.
   It affects your magic capacity (+9).
Jewellery
 a - an uncursed ring of protection from fire
 i - a +3 ring of strength (left hand)
 z - the amulet "Syilusk" (around neck) {Gourm Str+4 Int+3}
   (You found it on level 6 of the Dungeon)

   [amulet of the gourmand]

   It allows you to eat raw meat even when not hungry.
   It affects your strength (+4).
   It affects your intelligence (+3).
 A - an uncursed ring of ice {unknown}
 P - a ring of protection from magic (right hand)
 R - an uncursed ring of see invisible {unknown}
Wands
 k - a wand of iceblast (4/15)
 o - a wand of iceblast (9/15)
 p - a wand of confusion (17/48)
 w - a wand of flame (29/48)
 x - a wand of digging (12/24)
 y - a wand of clouds (4/9)
 C - a wand of iceblast (12/15)
 E - a wand of disintegration (4/24)
 L - a wand of confusion (17/48)
 U - a wand of flame (17/48)
 V - a wand of disintegration (13/24)
 W - a wand of acid (7/15)
Scrolls
 r - 2 scrolls of magic mapping
 v - a scroll of fear
 B - 7 scrolls of teleportation
 F - 4 scrolls of blinking
 H - 2 scrolls of summoning
 K - 4 scrolls of recharging
 M - 2 scrolls of remove curse
 S - 3 scrolls of fog
Potions
 d - 2 potions of haste
 f - a potion of ambrosia
 g - 5 potions of curing
 l - a potion of agility
 q - a potion of flight
 s - 3 potions of might
 t - a potion of berserk rage
 G - a potion of cancellation
 I - 3 potions of brilliance
Books
 D - a book of Conjurations

   Spells                             Type                      Level
   a - Magic Dart                     Conjuration                  1
   b - Searing Ray                    Conjuration                  2
   c - Dazzling Spray                 Conjuration/Hexes            3
   d - Fulminant Prism                Conjuration/Hexes            4
   e - Force Lance                    Conjuration/Translocation    4
   f - Iskenderun's Mystic Blast      Conjuration                  4
   Trog disapproves of the use of such an item.
Miscellaneous
 N - a fan of gales
 Y - a phantom mirror
Comestibles
 c - 8 bread rations
 n - 5 royal jellies
 J - 6 meat rations
 Q - 13 fruits
 X - 6 chunks of flesh


   Skills:
 + Level 15.8 Fighting
 + Level 4.6 Long Blades
 + Level 18.1 Maces & Flails
 + Level 13.9 Armour
 + Level 10.3 Dodging
 + Level 5.8 Stealth
 + Level 12.9 Shields
 + Level 1.1 Evocations


You had 15 spell levels left.
You didn't know any spells.

Dungeon Overview and Level Annotations

Branches:
Dungeon (15/15)            Temple (1/1) D:4             Orc (0/2) D:10
 Vaults (0/5) D:14         Depths (1/5) D:15           Hell (1/1)
   Lair: D:8-11         Dis: Hell:1         Geh: Hell:1         Coc: Hell:1
    Tar: Hell:1

Altars:
Ashenzari
Cheibriados
Hepliaklqana
Kikubaaqudgha
Makhleb
Nemelex Xobeh
Okawaru
Trog
Uskayaw
Xom

Shops:
D:4 :   D:6 !   D:13 !   Depths:1 :

Portals:
Hell: Depths:1
Abyss: Depths:1
Pandemonium: Depths:1
Ziggurat: Depths:1

Annotations:
Hell Geryon


Innate Abilities, Weirdness & Mutations

You reflexively headbutt those who attack you in melee.
You have a pair of horns on your head.
You have sharp toenails.
You are partially covered in rugged brown scales. (AC +1, +3% HP)
You are agile. (Dex +2)
You have an increased reservoir of magic. (+10% MP)
You are very robust. (+20% HP)
You do not regenerate when monsters are visible.


Message History

* * * LOW HITPOINT WARNING * * *
Geryon tail-slaps you but does no damage.
The reaper hits you from afar with a scythe of flaming!!
* * * LOW HITPOINT WARNING * * *
The reaper burns you.
* * * LOW HITPOINT WARNING * * *
The balrug gestures at you. Something smites you!
* * * LOW HITPOINT WARNING * * *
You block the sun demon's attack. x2
Thank you for visiting Hell.
Please come again soon.
You go up through the gate.
Welcome back to the Depths!
You feel a strong urge to attack something.
There is a gateway to Hell here.
You are too berserk!
You hit the reaper but do no damage. The hell knight completely misses you.
You closely miss the reaper. The sun demon misses you. The sun demon hits you!
* * * LOW HITPOINT WARNING * * *
You are engulfed in flames!
You die...

#.# #.# #.# #.#
#.### ###### #...#
.....#########'####
.................p#
..##########...2@p#
..##.......#...3.3#
[.#.######'#......#
..#.#...∩#.#......#
..#.#....#.#......#
..#.#....#.#......#
..#.'[...#.#......#
..########.#......#
..'.......##......#


You could see a reaper, 2 hell knights and 2 sun demons.

Vanquished Creatures
  Rupert (D:13)
  Kirke (D:13)
  A frost giant (Depths:1)
  A fire giant (Depths:1)
  The ghost of grerr the Bludgeoner, a journeyman GrFi of Okawaru (IceCv)
  2 stone giants (Depths:1)
  Nessos (D:12)
  A fire dragon (Depths:1)
  A yaktaur captain (Depths:1)
  A green death (Depths:1)
  An ice dragon (Depths:1)
  4 hydras
  4 vault guards (D:14)
  A monstrous demonspawn (Depths:1)
  A death knight (D:14)
  2 centaur warriors
  3 death yaks
  The ghost of Pixllover the Spear-Bearer, a novice MiBe of Trog (D:10)
  25 two-headed ogres
  2 deep troll shamans (Depths:1)
  2 tengu warriors (Depths:1)
  4 ogre magi
  A deep troll earth mage (Depths:1)
  A soul eater (Depths:1)
  A hell knight (Depths:1)
  6 skeletal warriors
  3 wizards
  4 unseen horrors
  3 deep trolls (Depths:1)
  6 orc knights
  A phantasmal warrior (D:14)
  A deep elf archer (D:14)
  A necromancer (IceCv)
  2 orc sorcerers
  15 ugly things
  A wolf spider (D:15)
  2 cyclopes (D:14)
  4 deep elf magi
  2 manticores (D:15)
  The ghost of BreadTh the Thaumaturge, a novice SpWz of Gozag (Bailey)
  3 centaur zombies
  An ice statue (IceCv)
  5 gargoyles
  A komodo dragon (D:15)
  A yaktaur (shapeshifter) (D:14)
  12 freezing wraiths
  3 ice devils
  An efreet (D:15)
  5 yaktaurs
  3 trolls (D:15)
  3 tengu conjurers
  A hornet (D:11)
  7 slime creatures
  A wolf spider simulacrum (IceCv)
  3 hippogriffs
  A meliai zombie (D:14)
  A shadow (D:12)
  Sigmund (D:2)
  A wraith (D:13)
  A wyvern (D:12)
  The ghost of BreadTh the Thaumaturge, an amateur SpWz (D:5)
  A hog (D:13)
  Grum (D:10)
  A fire elemental (Depths:1)
  A hungry ghost (D:7)
  A chaos spawn (Depths:1)
  Edmund (D:5)
  8 vampire mosquitoes (D:15)
  An acid dragon (D:14)
  A water moccasin (D:10)
  Duvessa (D:5)
  A soldier ant (D:15)
  19 orc warriors
  8 ice beasts
  3 sky beasts
  A hornet zombie (D:14)
  The ghost of dengdeng the Cudgeler, an amateur MiBe of Trog (D:3)
  2 phantoms
  4 necrophages
  15 ogres
  9 centaurs
  3 wolves (D:10)
  2 crocodiles
  A big kobold (D:11)
  Blork the orc (D:5)
  8 bullfrogs
  2 wyvern zombies
  A water moccasin zombie (D:8)
  A scorpion (D:6)
  Dowan (D:5)
  A wyvern skeleton (D:11)
  A water moccasin skeleton (D:10)
  6 killer bees (D:10)
  7 wights
  An elephant simulacrum (IceCv)
  2 howler monkeys
  3 bullfrog zombies
  4 crimson imps
  5 hounds
  4 draconian simulacra (IceCv)
  6 orc priests
  3 bullfrog skeletons
  5 jellies
  15 orc wizards
  4 centaur skeletons
  3 iguanas
  10 worker ants
  A spriggan simulacrum (IceCv)
  6 troll simulacra (IceCv)
  A polar bear simulacrum (IceCv)
  A wolf simulacrum (IceCv)
  2 centaur simulacra (IceCv)
  3 hound skeletons
  5 gnolls
  6 naga simulacra (IceCv)
  11 adders
  An ogre simulacrum (IceCv)
  2 shadow imps
  12 white imps (IceCv)
  4 worms
  3 dart slugs
  A leopard gecko (D:6)
  70 orcs
  4 giant cockroaches
  11 goblins
  5 hobgoblins
  14 jackals
  14 kobolds
  5 quokkas
  A ball python (D:1)
  A ball python skeleton (D:4)
  5 bats
  8 frilled lizards
  A jackal skeleton (D:4)
  A leopard gecko skeleton (D:7)
  A quokka zombie (D:5)
  5 rats
557 creatures vanquished.

Vanquished Creatures (collateral kills)
  An iron troll (Depths:1)
  3 deep trolls (Depths:1)
4 creatures vanquished.

Vanquished Creatures (others)
  A tengu conjurer (Depths:1)
  2 humans (D:13)
  An ogre (D:13)
  An orc priest (D:6)
5 creatures vanquished.

Grand Total: 566 creatures vanquished

Notes
Turn   | Place    | Note
-------+----------+-------------------------------------------
     0 | D:1      | Pixllover the Minotaur Berserker began the quest for the Orb.
     0 | D:1      | Reached XP level 1. HP: 19/19 MP: 0/0
   163 | D:1      | Reached XP level 2. HP: 27/27 MP: 1/1
   328 | D:1      | Reached skill level 4 in Maces & Flails
   589 | D:1      | Reached ** piety under Trog
   589 | D:1      | Reached XP level 3. HP: 33/33 MP: 2/2
   976 | D:2      | Noticed Sigmund
   997 | D:2      | Killed Sigmund
   997 | D:2      | Reached skill level 5 in Fighting
   997 | D:2      | Reached skill level 5 in Maces & Flails
   997 | D:2      | Reached XP level 4. HP: 40/42 MP: 3/3
   997 | D:2      | Reached XP level 5. HP: 45/48 MP: 4/4
  1763 | D:3      | Noticed dengdeng's ghost (amateur MiBe)
  1778 | D:3      | Killed dengdeng's ghost
  1778 | D:3      | Reached skill level 6 in Maces & Flails
  1778 | D:3      | Reached XP level 6. HP: 21/56 MP: 5/5
  2059 | D:3      | Gained mutation: Your flesh is cold resistant. (rC+) [potion of mutation]
  2059 | D:3      | Gained mutation: You are partially covered in molten scales. (AC +2) [potion of mutation]
  2059 | D:3      | Gained mutation: Your spells are a little harder to cast, but a little more powerful. [potion of mutation]
  2060 | D:3      | Lost mutation: Your flesh is cold resistant. (rC+) [potion of mutation]
  2060 | D:3      | Lost mutation: You are partially covered in molten scales. (AC +2) [potion of mutation]
  2060 | D:3      | Gained mutation: Your muscles are strong. (Str +2) [potion of mutation]
  2060 | D:3      | Gained mutation: You possess an exceptional clarity of mind. [potion of mutation]
  2060 | D:3      | Gained mutation: You have sharp toenails. [potion of mutation]
  2102 | D:3      | Found a snail-covered altar of Cheibriados.
  2309 | D:3      | Reached *** piety under Trog
  2580 | D:4      | Noticed a two-headed ogre
  2594 | D:4      | Killed a two-headed ogre
  2594 | D:4      | Reached skill level 8 in Maces & Flails
  2594 | D:4      | Reached skill level 5 in Armour
  2594 | D:4      | Reached skill level 1 in Stealth
  2594 | D:4      | Reached skill level 1 in Shields
  2594 | D:4      | Reached XP level 7. HP: 23/64 MP: 6/6
  2594 | D:4      | Reached XP level 8. HP: 26/71 MP: 7/7
  3070 | D:4      | Found a staircase to the Ecumenical Temple.
  3082 | Temple   | Entered the Ecumenical Temple
  3324 | D:4      | Found Iketips's Book Boutique.
  3720 | D:4      | Found a sparkling altar of Nemelex Xobeh.
  3954 | D:5      | Entered Level 5 of the Dungeon
  3983 | D:5      | Noticed Edmund
  3997 | D:5      | Killed Edmund
  4067 | D:5      | Reached skill level 9 in Maces & Flails
  4130 | D:5      | Found a burning altar of Makhleb.
  4192 | D:5      | Noticed BreadTh's ghost (amateur SpWz)
  4210 | D:5      | Killed BreadTh's ghost
  4243 | D:5      | Noticed Blork the orc
  4254 | D:5      | Killed Blork the orc
  4316 | D:5      | Noticed Duvessa
  4316 | D:5      | Noticed Dowan
  4321 | D:5      | Killed Dowan
  4337 | D:5      | Killed Duvessa
  4337 | D:5      | Reached XP level 9. HP: 70/79 MP: 8/8
  4554 | D:6      | Found a bloodstained altar of Trog.
  4665 | D:6      | Found a hide-covered altar of Uskayaw.
  4683 | D:6      | Reached skill level 10 in Maces & Flails
  4835 | D:6      | Reached **** piety under Trog
  4888 | D:6      | Got a twitching steel amulet
  4995 | D:6      | Found Qetutuop's Distillery.
  5013 | D:6      | Bought a potion of degeneration for 11 gold pieces
  5013 | D:6      | Bought a potion of heal wounds for 55 gold pieces
  5053 | D:6      | Got a silken robe
  5556 | D:7      | Reached skill level 11 in Maces & Flails
  5783 | D:7      | Found a flagged portal.
  5805 | Bailey   | Entered a bailey
  5859 | Bailey   | Noticed BreadTh's ghost (novice SpWz)
  5869 | Bailey   | Killed BreadTh's ghost
  5869 | Bailey   | Reached XP level 10. HP: 57/89 MP: 9/9
  5913 | Bailey   | Reached ***** piety under Trog
  6194 | Bailey   | Noticed an orc knight
  6194 | Bailey   | Noticed an orc knight
  6234 | Bailey   | Killed an orc knight
  6234 | Bailey   | Reached skill level 5 in Shields
  6271 | Bailey   | Killed an orc knight
  6475 | Bailey   | Noticed an orc knight
  6483 | Bailey   | Noticed an orc knight
  6505 | Bailey   | Killed an orc knight
  6511 | Bailey   | Reached skill level 12 in Maces & Flails
  6540 | Bailey   | Killed an orc knight
  7268 | D:7      | Reached skill level 10 in Armour
  7268 | D:7      | Reached skill level 5 in Dodging
  7377 | D:8      | Identified the amulet "Syilusk" {Gourm Str+4 Int+3} (You found it on level 6 of the Dungeon)
  7573 | D:8      | Noticed a two-headed ogre
  7594 | D:8      | Killed a two-headed ogre
  7594 | D:8      | Reached XP level 11. HP: 97/97 MP: 10/10
  7808 | D:8      | Noticed a two-headed ogre
  7812 | D:8      | Killed a two-headed ogre
  8205 | D:9      | Noticed a death yak
  8209 | D:9      | Noticed a death yak
  8210 | D:9      | Noticed a death yak
  8215 | D:9      | Noticed a death yak
  8230 | D:9      | Killed a death yak
  8230 | D:9      | Reached skill level 13 in Maces & Flails
  8234 | D:9      | Noticed a death yak
  8236 | D:9      | Killed a death yak
  8239 | D:10     | Entered Level 10 of the Dungeon
  8253 | D:10     | Killed a death yak
  8253 | D:10     | Received a gift from Trog
  8259 | D:10     | Reached skill level 10 in Fighting
  8665 | D:10     | Identified a scroll of acquirement
  8666 | D:10     | Got a polished plate armour
  8667 | D:10     | Identified the +9 plate armour "Huoroorch" {MP+9 Int+4} (You acquired it on level 10 of the Dungeon)
  8700 | D:10     | Noticed Pixllover's ghost (novice MiBe)
  8701 | D:10     | Noticed a two-headed ogre
  8715 | D:10     | Killed Pixllover's ghost
  8719 | D:10     | Killed a two-headed ogre
  8732 | D:10     | Reached skill level 14 in Maces & Flails
  8777 | D:10     | Gained mutation: You are agile. (Dex +2) [mutagenic meat]
  8778 | D:10     | Lost mutation: You possess an exceptional clarity of mind. [mutagenic meat]
  8779 | D:10     | Gained mutation: You are robust. (+10% HP) [mutagenic meat]
  8780 | D:10     | Gained mutation: You have an increased reservoir of magic. (+10% MP) [mutagenic meat]
  8782 | D:10     | Gained mutation: You do not regenerate when monsters are visible. [mutagenic meat]
  8894 | D:10     | Found a staircase to the Orcish Mines.
  9288 | D:10     | Noticed Grum
  9291 | D:10     | Killed Grum
  9435 | D:10     | Lost mutation: Your spells are a little harder to cast, but a little more powerful. [potion of mutation]
  9435 | D:10     | Lost mutation: You have an increased reservoir of magic. (+10% MP) [potion of mutation]
  9435 | D:10     | Lost mutation: You do not regenerate when monsters are visible. [potion of mutation]
  9435 | D:10     | Lost mutation: You have sharp toenails. [potion of mutation]
  9435 | D:10     | Lost mutation: You are agile. (Dex +2) [potion of mutation]
  9435 | D:10     | Gained mutation: You are dopey. (Int -2) [potion of mutation]
  9435 | D:10     | Gained mutation: You have a somewhat thin skeletal structure. (Dex +2, Stealth) [potion of mutation]
  9435 | D:10     | Gained mutation: You are very robust. (+20% HP) [potion of mutation]
  9517 | D:11     | Noticed an eight-headed hydra
  9522 | D:11     | Noticed a red ugly thing
  9533 | D:11     | Killed an eight-headed hydra
  9536 | D:11     | Killed a red ugly thing
  9536 | D:11     | Reached XP level 12. HP: 128/128 MP: 11/11
  9542 | D:11     | Received a gift from Trog
  9697 | D:11     | Found a frozen archway.
  9713 | IceCv    | Entered an ice cave
  9963 | IceCv    | Reached skill level 15 in Maces & Flails
  9983 | IceCv    | Noticed grerr's ghost (journeyman GrFi)
 10002 | IceCv    | Killed grerr's ghost
 10024 | IceCv    | Got a dazzling ring mail
 10042 | IceCv    | Identified the +8 ring mail of Fun and Games {rC- MP+9 Str+2 Dex+3} (You found it in an ice cave)
 10064 | IceCv    | Reached XP level 13. HP: 101/139 MP: 12/12
 10236 | IceCv    | Found an ancient bone altar of Kikubaaqudgha.
 10255 | IceCv    | HP: 5/140 [freezing wraith (18)]
 10260 | IceCv    | Reached ****** piety under Trog
 11057 | D:12     | Received a gift from Trog
 11195 | D:12     | Reached skill level 16 in Maces & Flails
 11569 | D:12     | Noticed Nessos
 11572 | D:12     | Killed Nessos
 11701 | D:13     | Noticed Kirke
 11712 | D:13     | Killed Kirke
 11731 | D:13     | Got a bound amethyst amulet
 11743 | D:13     | Identified the amulet of Beogh's Approval {Reflect +Fly SH+4} (You found it on level 13 of the Dungeon)
 11761 | D:13     | Found a shattered altar of Ashenzari.
 12146 | D:13     | Lost mutation: Your muscles are strong. (Str +2) [potion of mutation]
 12146 | D:13     | Lost mutation: You are very robust. (+20% HP) [potion of mutation]
 12146 | D:13     | Lost mutation: You are dopey. (Int -2) [potion of mutation]
 12146 | D:13     | Lost mutation: You have a somewhat thin skeletal structure. (Dex +2, Stealth) [potion of mutation]
 12146 | D:13     | Lost mutation: You are robust. (+10% HP) [potion of mutation]
 12146 | D:13     | Gained mutation: You have sharp toenails. [potion of mutation]
 12146 | D:13     | Gained mutation: You expend magic power (3 MP) to strengthen your wands. [potion of mutation]
 12146 | D:13     | Gained mutation: You have an increased reservoir of magic. (+10% MP) [potion of mutation]
 12176 | D:13     | Found Tiamitru's Distillery.
 12211 | D:13     | Reached skill level 10 in Shields
 12220 | D:13     | Noticed Rupert
 12238 | D:13     | Killed Rupert
 12238 | D:13     | Reached XP level 14. HP: 87/127 MP: 14/14
 13595 | D:14     | Reached skill level 5 in Stealth
 13656 | D:14     | Found a gate to the Vaults.
 14398 | D:14     | Gained mutation: You do not regenerate when monsters are visible. [mutagenic meat]
 14399 | D:14     | Gained mutation: You are robust. (+10% HP) [mutagenic meat]
 14400 | D:14     | Gained mutation: You are agile. (Dex +2) [mutagenic meat]
 14401 | D:14     | Lost mutation: You expend magic power (3 MP) to strengthen your wands. [mutagenic meat]
 14925 | D:15     | Entered Level 15 of the Dungeon
 14945 | D:15     | Received a gift from Trog
 14945 | D:15     | Reached skill level 17 in Maces & Flails
 14982 | D:15     | Found a staircase to the Depths.
 15982 | D:15     | Reached XP level 15. HP: 146/152 MP: 15/15
 16437 | D:15     | Got a smoking ruby amulet
 16468 | D:15     | Identified the amulet of the Worm {Harm *Corrode *Drain Str+5} (You acquired it on level 15 of the Dungeon)
 16965 | Depths:1 | Entered Level 1 of the Depths
 17066 | Depths:1 | Reached skill level 15 in Fighting
 17100 | Depths:1 | Found a gateway to a ziggurat.
 17114 | Depths:1 | Gained mutation: You are very robust. (+20% HP) [mutagenic meat]
 17116 | Depths:1 | Gained mutation: You are partially covered in rugged brown scales. (AC +1, +3% HP) [mutagenic meat]
 17138 | Depths:1 | Received a gift from Trog
 17531 | Depths:1 | Found a one-way gate to the infinite horrors of the Abyss.
 17559 | Depths:1 | Found a gateway to Hell.
 17579 | Depths:1 | Reached skill level 1 in Long Blades
 17670 | Depths:1 | Found a one-way gate leading to the halls of Pandemonium.
 17972 | Depths:1 | Reached skill level 10 in Dodging
 18043 | Depths:1 | Found Taax's Book Boutique.
 18102 | Depths:1 | Reached skill level 18 in Maces & Flails
 18667 | Depths:1 | Noticed a fire giant
 18688 | Depths:1 | Killed a fire giant
 18688 | Depths:1 | Reached skill level 1 in Evocations
 18774 | Depths:1 | Noticed a frost giant
 19225 | Depths:1 | Killed a frost giant
 19225 | Depths:1 | Reached XP level 16. HP: 95/185 MP: 17/17
 19676 | Hell     | Entered the Vestibule of Hell
 19676 | Hell     | Noticed Geryon
 19711 | Depths:1 | HP: 4/277 [sun demon[a balrug] (12)]
 19711 | Depths:1 | Mangled by a sun demon

Skill      XL: |  1  2  3  4  5  6  7  8  9 10 11 12 13 14 15 |
---------------+----------------------------------------------+-----
Fighting       | 4 5 6 7 8 9 10 11 12 14 15 | 15.8
Maces & Flails | 4 5 6 8 9 11 12 14 15 16 17 18 | 18.1
Armour         | 3 5 7 8 10 11 12 13 | 13.9
Dodging        | 3 4 5 6 7 9 10 | 10.3
Stealth        | 1 2 3 4 5 |  5.8
Shields        | 1 3 4 6 7 9 10 11 12 | 12.9
Long Blades    | 4 |  4.6
Evocations     | 1 |  1.1

Action                   |  1- 3 |  4- 6 |  7- 9 | 10-12 | 13-15 | 16-18 || total
-------------------------+-------+-------+-------+-------+-------+-------++-------
Melee: Mace              |    63 |    88 |   142 |       |       |       ||   293
       Headbutt          |    11 |    13 |    47 |    87 |   184 |     5 ||   347
       Kick              |       |     9 |    81 |    76 |   177 |       ||   343
       Flail             |       |       |   128 |   173 |       |       ||   301
       Morningstar       |       |       |       |   159 |   582 |    16 ||   757
       Demon blade       |       |       |       |       |    17 |       ||    17
Invok: Berserk           |       |     2 |     3 |    10 |    11 |     1 ||    27
       Burn Spellbooks   |       |       |       |       |     2 |       ||     2
       Brothers in Arms  |       |       |       |       |       |     1 ||     1
Evoke: Wand              |       |       |       |       |     2 |       ||     2
  Use: Scroll            |     5 |     4 |     2 |    14 |    15 |       ||    40
       Potion            |       |     6 |     2 |    12 |     7 |       ||    27
 Stab: Invisible         |       |       |     5 |       |     2 |       ||     7
       Sleeping          |       |       |       |       |     3 |       ||     3
       Distracted        |       |       |       |       |     1 |       ||     1
  Eat: Chunk             |       |     2 |     9 |    30 |    48 |     3 ||    92
       Bread ration      |       |     1 |       |       |       |       ||     1
       Fruit             |       |       |     2 |       |       |       ||     2
       Meat ration       |       |       |     1 |     1 |       |       ||     2
       Royal jelly       |       |       |       |     2 |       |       ||     2
Armor: Animal skin       |    10 |       |       |       |       |       ||    10
       Chain mail        |    16 |    58 |   143 |    75 |       |       ||   292
       Plate armour      |       |       |       |   118 |       |       ||   118
       Ring mail         |       |       |       |       |   246 |     8 ||   254
Dodge: Dodged            |    30 |    42 |   122 |   184 |   372 |    14 ||   764
Block: Buckler           |       |    15 |    67 |   143 |   254 |     9 ||   488
       Rpst.: Demon blade |       |       |       |       |     1 |       ||     1
